AoeStats
← Sir Pepe84

Black Forest

505649376Analyzed
4v4 RM · 23d ago on Sep 10, 2026· 69m 38s· 8 players
Game mode
Random Map
Map size
Large (8 player)
Population
200
Speed
Normal
Resources
Standard
Victory
Conquest
Starting age
Dark Age
Ending age
Imperial Age
RankedLock teamsTeams togetherTeam positionsShared explorationLock speedFull tech treeHidden civsTurbo modeCheats
Victory
Defeat
🇨🇳 Franks · China
740
+10
🇨🇳 Britons · China
719
+10
🇰🇷 Shu · South Korea
600
+15
🇭🇰 Khmer · Hong Kong SAR China
585
+15
🇫🇮 Celts · Finland
629
-14
🇦🇷 Chinese · Argentina
590
-13
🇪🇸 Huns · Spain
577
-12
🇺🇸 Britons · United States
538
-11
Daoiz1802
13:05 Feudal Age
13:35 Double-Bit Axe
18:24 Castle Age
16:43 Horse Collar
16:57 Gold Mining
19:23 Bow Saw
19:48 Heavy Plow
19:53 Loom
24:03 Fervor
26:42 Stone Mining
27:32 Murder Holes
27:58 Ballistics
28:19 Marauders
28:30 Scale Barding Armor
30:51 Gold Shaft Mining
30:21 Fletching
30:42 Forging
36:43 Imperial Age
34:52 Wheelbarrow
34:46 Bloodlines
34:37 Husbandry
35:50 Hand Cart
37:59 Iron Casting
37:45 Chain Barding Armor
36:51 Elite Tarkan
39:31 Chemistry
40:15 Blast Furnace
41:03 Plate Barding Armor
56:19 Padded Archer Armor
56:15 Bodkin Arrow
59:49 Parthian Tactics
58:48 Heavy Cavalry Archer
59:33 Thumb Ring
60:42 Leather Archer Armor
guitarflyingmatt
11:12 Loom
13:39 Feudal Age
15:50 Wheelbarrow
16:45 Horse Collar
16:53 Double-Bit Axe
23:03 Castle Age
22:20 Stone Mining
22:26 Gold Mining
23:06 Town Watch
24:35 Bow Saw
24:28 Heavy Plow
25:08 Gold Shaft Mining
25:04 Forging
24:46 Fletching
27:50 Hand Cart
29:20 Iron Casting
28:43 Bodkin Arrow
31:25 Scale Mail Armor
31:27 Padded Archer Armor
32:21 Town Patrol
32:13 Man-at-Arms
33:26 Squires
32:47 Pikeman
33:15 Arson
35:09 Chain Mail Armor
35:13 Leather Archer Armor
35:40 Herbal Medicine
36:06 Sanctity
37:19 Long Swordsman
37:50 Gambesons
38:44 Yeomen
41:38 Imperial Age
39:46 Ballistics
39:37 Fortified Wall
39:26 Murder Holes
39:13 Treadmill Crane
42:19 Fervor
42:07 Two-Handed Swordsman
42:08 Halberdier
43:27 Hoardings
43:16 Conscription
44:35 Blast Furnace
44:10 Plate Mail Armor
45:07 Champion
48:37 Caravan
50:33 Bracer
51:05 Ring Archer Armor
51:40 Elite Longbowman
54:38 Elite Skirmisher
62:41 Warwolf
63:49 Coinage
63:32 Guilds
64:18 Scale Barding Armor
jyri.hyppanen
13:00 Feudal Age
14:30 Wheelbarrow
13:39 Horse Collar
13:48 Double-Bit Axe
22:14 Castle Age
20:26 Forging
20:58 Gold Mining
20:59 Stone Mining
23:39 Hand Cart
24:27 Heavy Plow
25:10 Bow Saw
27:44 Iron Casting
27:10 Scale Mail Armor
28:22 Fletching
31:19 Gold Shaft Mining
31:20 Stone Shaft Mining
34:07 Imperial Age
32:57 Chain Mail Armor
32:39 Bodkin Arrow
35:07 Caravan
35:09 Elite Woad Raider
36:11 Conscription
37:15 Blast Furnace
36:51 Plate Mail Armor
37:09 Ballistics
37:20 Murder Holes
38:28 Chemistry
Sir Pepe84
0:37 Loom
18:10 Feudal Age
19:59 Wheelbarrow
19:05 Horse Collar
19:13 Double-Bit Axe
19:48 Town Watch
27:23 Gold Mining
33:00 Castle Age
30:53 Stone Mining
31:41 Forging
31:31 Scale Mail Armor
31:39 Fletching
32:18 Man-at-Arms
32:43 Arson
33:02 Padded Archer Armor
33:09 Scale Barding Armor
33:57 Bow Saw
33:57 Heavy Plow
34:30 Bodkin Arrow
34:45 Crossbowman
37:24 Thumb Ring
38:47 Long Swordsman
40:42 Hand Cart
40:21 Pikeman
41:31 Great Wall
42:26 Gold Shaft Mining
42:50 Elite Skirmisher
50:52 Imperial Age
49:18 Iron Casting
52:09 Guard Tower
53:56 Fortified Wall
57:46 Two-Man Saw
56:46 Murder Holes
58:56 Conscription
60:46 Halberdier
61:27 Squires
61:13 Arson
64:08 Two-Handed Swordsman
明君
13:18 Feudal Age
18:07 Castle Age
21:44 Crossbowman
22:29 Thumb Ring
24:44 Man-at-Arms
25:09 Gambesons
25:26 Long Swordsman
36:43 Imperial Age
34:45 Gold Mining
34:49 Stone Mining
37:51 Arbalester
38:43 Bolt Magazine
38:49 Coiled Serpent Array
39:12 Elite White Feather Guard
40:49 Double-Bit Axe
41:47 Pikeman
42:38 Halberdier
44:28 Squires
44:14 Arson
45:17 Fletching
45:27 Padded Archer Armor
45:29 Scale Mail Armor
45:41 Forging
48:11 Bodkin Arrow
48:32 Leather Archer Armor
56:24 Bracer
56:40 Leather Archer Armor
56:40 Chain Mail Armor
56:50 Ballistics
56:44 Siege Engineers
今天是魔王
1:34 Loom
15:40 Feudal Age
16:18 Double-Bit Axe
17:05 Gold Mining
18:12 Horse Collar
20:45 Stone Mining
23:28 Wheelbarrow
29:13 Castle Age
27:21 Fletching
30:19 Bodkin Arrow
31:32 Husbandry
35:17 Imperial Age
33:29 Bow Saw
34:19 Heavy Plow
34:51 Bloodlines
36:00 Murder Holes
38:06 Conscription
38:32 Ballistics
38:32 Bracer
39:45 Gold Shaft Mining
40:09 Forging
40:06 Scale Barding Armor
41:41 Chemistry
41:58 Crop Rotation
42:58 Masonry
43:28 Light Cavalry
49:23 Architecture
51:23 Caravan
53:37 Hand Cart
53:13 Town Watch
65:05 Heavy Scorpion
stone wall builder
11:12 Feudal Age
12:25 Double-Bit Axe
14:58 Castle Age
12:46 Horse Collar
16:14 Bow Saw
16:07 Heavy Plow
16:44 Wheelbarrow
22:02 Stone Mining
23:24 Hand Cart
23:48 Fervor
24:35 Gold Mining
25:46 Loom
29:12 Imperial Age
26:53 Forging
26:44 Scale Mail Armor
26:37 Fletching
26:47 Padded Archer Armor
27:15 Town Watch
29:01 Gold Shaft Mining
29:03 Iron Casting
29:21 Iron Casting
29:01 Chain Mail Armor
28:41 Bodkin Arrow
28:47 Padded Archer Armor
28:30 Treadmill Crane
29:11 Ballistics
30:00 Masonry
29:35 Capped Ram
30:23 Siege Engineers
31:23 Chemistry
31:28 Blast Furnace
31:02 Plate Mail Armor
31:05 Bracer
31:20 Leather Archer Armor
30:32 Man-at-Arms
31:13 Squires
30:59 Arson
31:44 Conscription
32:02 Caravan
32:17 Guilds
32:22 Onager
32:57 Pikeman
33:30 Halberdier
34:51 Coinage
35:12 Yeomen
34:47 Elite Longbowman
35:06 Long Swordsman
36:11 Two-Handed Swordsman
36:36 Gambesons
38:09 Banking
39:15 Champion
41:39 Ring Archer Armor
41:15 Scale Barding Armor
44:15 Hoardings
52:11 Heavy Scorpion
55:09 Chain Barding Armor
67:14 Warwolf
68:08 Warwolf
812508893
11:54 Feudal Age
12:49 Double-Bit Axe
15:29 Castle Age
18:27 Bow Saw
25:09 Wheelbarrow
24:31 Gold Mining
26:38 Hand Cart
31:09 Imperial Age
30:41 Stone Mining
31:26 Gold Shaft Mining
31:35 Gold Shaft Mining
32:36 Town Watch
33:11 Forging
33:06 Scale Barding Armor
33:01 Scale Mail Armor
33:22 Caravan
36:25 #83
36:26 Conscription
35:32 Elite Throwing Axeman
37:29 Light Cavalry
37:29 Cavalier
38:11 Husbandry
38:35 Chain Barding Armor
38:50 Iron Casting
38:30 Chain Mail Armor
38:17 Padded Archer Armor
38:07 Fletching
39:23 Paladin
40:44 Plate Barding Armor
39:59 Arson
40:15 Squires
40:00 Gambesons
39:37 Man-at-Arms
39:37 Pikeman
40:22 Town Patrol
40:26 Chivalry
41:04 Hoardings
45:53 Blast Furnace
45:23 Plate Mail Armor
45:09 Leather Archer Armor
44:49 Bodkin Arrow
45:20 Ballistics
46:01 Chemistry
47:36 Masonry
47:23 Murder Holes
60:26 Guard Tower
60:23 Arrowslits
60:51 Fortified Wall
61:13 Architecture
60:51 Siege Engineers
62:55 Devotion
Connection lost

Rejoining the realm…

Still unreachable

The connection could not be restored.

Session expired

The server has moved on; the page needs a fresh start.